cohdb
Replays
Latest Replays
All Replays
Popular Replays
Top Player Replays
Match Explorer
How It Works
Community
CoH3 Stats
Reddit
Sign in to upload your games and track your stats! →
Sign in with Steam
Match 41226525
Unlisted
Match 41226525
Overview
Messages
Build Orders
End
Construct Section Command Post
Infantry Section
Infantry Section
Dingo Light Scout Car
Infantry Section
Selects Canadian Shock Battlegroup
Selects Attacking Spirit
Selects Canadian Shock Section
Vickers Machine Gun Team
Construct Field Infirmary
Construct Platoon Command Post
Selects Incendiary Munitions
Grenade Package
Canadian Shock Section
Selects Pyrotechnics
Unlock M3 Stuart Light Tanks
M3 Stuart Light Tank
Infantry Training
MADAO
Imbbe
0
0
Comments
sign in to comment!
No comments posted yet!